Map: Dusk Towers

Players

NORTHAMERICA - Winner!

  • Race: Protoss Protoss
  • League: Master

핵고수

  • Race: Terran Terran
  • League: Platinum

VOD

Have the link to the VOD?

Description

Time

  • Played on: May 22, 2016, 12:56 a.m.
  • Length: 13:54
Show
View Real Time Build Order
Export as new Build Order

NORTHAMERICA Protoss - Winner!

Build Orders: 1 Gate Expand, Double Forge, Blink Stalkers 

Get SALT Encoding   

  12  0:00  Probe (Chrono Boost)  
  13  0:11  Probe (Chrono Boost)  
  14  0:19  Pylon  
  14  0:22  Probe (Chrono Boost)  
  15  0:37  Probe (Chrono Boost), Gateway  
  16  0:47  Probe (Chrono Boost)  
  16  0:49  Assimilator  
  17  0:58  Probe (Chrono Boost)  
  18  1:09  Probe (Chrono Boost)  
  19  1:18  Nexus  
  19  1:27  Cybernetics Core  
  19  1:32  Probe (Chrono Boost)  
  20  1:39  Assimilator  
  20  1:42  Probe (Chrono Boost)  
  21  1:51  Pylon  
  21  1:53  Probe (Chrono Boost)  
  22  2:03  Probe (Chrono Boost)  
  22  2:04  Warp Gate  
  23  2:09  Adept  
  23  2:15  Pylon  
  24  2:19  Mothership Core (Chrono Boost)  
  26  2:31  Probe (Chrono Boost)  
  27  2:37  Probe (Chrono Boost)  
  27  2:41  Probe (Chrono Boost)  
  29  2:44  Twilight Council  
  29  2:48  Probe (Chrono Boost)  
  30  2:52  Probe (Chrono Boost)  
  32  2:58  Probe (Chrono Boost)  
  32  3:02  Probe (Chrono Boost)  
  33  3:09  Probe (Chrono Boost)  
  34  3:13  Probe (Chrono Boost)  
  34  3:16  Gateway  
  34  3:17  Gateway  
  35  3:20  Probe (Chrono Boost)  
  35  3:21  Blink  
  36  3:28  Probe (Chrono Boost)  
  37  3:37  Probe (Chrono Boost)  
  37  3:40  Probe (Chrono Boost)  
  39  3:47  Pylon  
  39  3:48  Probe (Chrono Boost)  
  40  3:50  Probe (Chrono Boost)  
  40  3:54  Robotics Facility  
  41  3:58  Probe (Chrono Boost)  
  41  4:00  Pylon  
  41  4:01  Probe (Chrono Boost)  
  43  4:09  Probe (Chrono Boost)  
  44  4:10  Assimilator  
  44  4:11  Probe (Chrono Boost)  
  44  4:14  Assimilator  
  45  4:17  Stalker x2  
  45  4:20  Probe (Chrono Boost)  
  45  4:22  Probe (Chrono Boost)  
  51  4:30  Probe (Chrono Boost)  
  52  4:32  Nexus  
  52  4:37  Pylon  
  52  4:38  Probe (Chrono Boost)  
  53  4:40  Probe (Chrono Boost)  
  53  4:44  Observer (Chrono Boost)  
  55  4:49  Probe  
  55  4:52  Probe  
  57  4:56  Forge  
  57  4:58  Forge  
  57  5:01  Probe  
  57  5:02  Robotics Bay  
  57  5:03  Observer (Chrono Boost)  
  57  5:04  Probe  
  60  5:07  Gateway  
  60  5:14  Gateway  
  60  5:15  Pylon  
  60  5:19  Probe x2 (Chrono Boost)  
  62  5:23  Sentry  
  65  5:28  Probe (Chrono Boost), Observer (Chrono Boost)  
  65  5:29  Probe  
  65  5:33  Resonating Glaives  
  67  5:39  Probe  
  67  5:41  Probe  
  69  5:43  Pylon, Sentry  
  69  5:47  Stalker x2  
  69  5:49  Probe  
  75  5:50  Disruptor (Chrono Boost)  
  75  5:52  Probe  
  81  5:57  Probe  
  81  5:59  Assimilator  
  81  6:00  Probe  
  81  6:03  Probe, Pylon  
  82  6:07  Protoss Ground Weapons Level 1 (Chrono Boost)  
  83  6:11  Protoss Ground Armor Level 1 (Chrono Boost)  
  83  6:13  Probe, Gateway  
  83  6:14  Probe  
  83  6:16  Assimilator  
  85  6:19  Probe  
  85  6:23  Disruptor  
  85  6:24  Stalker, Photon Cannon  
  88  6:26  Probe  
  88  6:30  Probe  
  93  6:37  Adept x4  
  93  6:39  Probe  
  102  6:43  Pylon  
  102  6:49  Photon Cannon  
  102  6:54  Stalker, Disruptor  
  107  7:05  Probe  
  106  7:12  Stalker x3, Pylon  
  106  7:14  Pylon  
  112  7:25  Disruptor  
  112  7:26  Stalker x2  
  112  7:28  Adept  
  118  7:32  Nexus  
  118  7:34  Pylon  
  118  7:36  Pylon  
  121  7:37  Stargate  
  121  7:40  Stargate  
  121  7:43  Adept x3  
  127  7:52  Assimilator, Stalker  
  127  7:56  Disruptor  
  129  8:02  Probe  
  129  8:03  Assimilator  
  133  8:07  Probe, Photon Cannon  
  134  8:13  Gateway  
  134  8:15  Stalker x4  
  142  8:24  Fleet Beacon  
  142  8:26  Probe  
  143  8:32  Photon Cannon  
  143  8:35  Protoss Ground Weapons Level 2 (Chrono Boost)  
  143  8:39  Protoss Ground Armor Level 2 (Chrono Boost)  
  143  8:41  Adept  
  143  8:42  Zealot x4  
  153  8:55  Pylon  
  153  8:58  Pylon  
  153  9:02  Photon Cannon  
  153  9:07  Tempest (Chrono Boost)  
  153  9:09  Tempest (Chrono Boost)  
  161  9:22  Pylon  
  161  9:24  Disruptor, Pylon  
  161  9:27  Charge  
  164  9:35  Stalker x5  
  174  9:39  Tempest (Chrono Boost)  
  174  9:45  Protoss Air Weapons Level 1  
  178  9:56  Tempest  
  178  10:02  Adept x2  
  178  10:03  Adept x3  
  192  10:21  Stalker x2  
  196  10:22  Tempest  
  196  10:27  Gateway  
  200  10:29  Gateway  
  200  10:31  Gateway  
  200  10:33  Gateway  
  200  10:35  Templar Archives  
  192  10:43  Disruptor  
  192  10:46  Oracle  
  188  10:58  Protoss Ground Armor Level 3 (Chrono Boost)  
  188  11:00  Protoss Ground Weapons Level 3 (Chrono Boost)  
  188  11:08  Probe  
  188  11:11  Nexus  
  188  11:12  Probe  
  188  11:13  Pylon  
  188  11:14  Pylon  
  188  11:15  Zealot x5  
  188  11:16  Psionic Storm  
  199  11:19  Probe  
  198  12:01  Zealot x5  
  192  12:02  Zealot  
  196  12:18  Photon Cannon  
  196  12:19  Probe, Photon Cannon  
  196  12:22  Photon Cannon  
  191  12:23  Stalker x4  
  191  12:25  Assimilator  
  199  12:30  Assimilator  
  199  12:34  Pylon  
  199  12:38  Pylon  
  199  12:40  Pylon  
  181  13:15  Zealot x4  
  181  13:16  Zealot x6  
  192  13:25  Probe  
Show
View Real Time Build Order
Export as new Build Order

핵고수 Terran 

Build Orders: Reaper Expand, MMM Bio 

Get SALT Encoding   

  12  0:00  SCV  
  13  0:13  SCV  
  14  0:17  Supply Depot  
  14  0:25  SCV  
  15  0:39  SCV  
  15  0:42  Barracks  
  16  0:45  Refinery  
  16  0:51  SCV  
  17  1:03  SCV  
  18  1:15  SCV  
  19  1:29  Orbital Command  
  19  1:31  Reaper  
  20  1:44  Command Center  
  20  1:53  Supply Depot  
  20  1:56  SCV  
  21  2:03  Barracks Reactor  
  21  2:09  SCV  
  22  2:21  SCV  
  23  2:31  Command Center  
  23  2:33  SCV  
  24  2:42  Marine  
  24  2:43  Marine  
  26  2:50  SCV  
  27  2:54  Factory  
  27  2:55  Refinery  
  27  3:00  Orbital Command  
  27  3:03  Marine  
  27  3:04  Marine  
  29  3:09  SCV  
  30  3:20  Marine  
  30  3:22  Marine  
  30  3:24  SCV  
  33  3:28  SCV  
  34  3:36  SCV  
  34  3:40  SCV  
  36  3:42  Marine x2  
  36  3:44  Factory Tech Lab  
  36  3:45  Starport  
  36  3:47  Orbital Command  
  37  3:48  SCV  
  37  3:53  SCV  
  39  3:57  Bunker  
  39  4:01  SCV  
  39  4:02  Marine  
  41  4:05  SCV  
  41  4:08  Marine  
  43  4:11  Factory Tech Lab  
  43  4:13  SCV  
  43  4:14  Engineering Bay  
  44  4:17  SCV  
  44  4:18  SCV  
  46  4:25  SCV  
  46  4:29  Refinery, Raven, SCV  
  50  4:42  Missile Turret  
  50  4:44  Missile Turret  
  50  4:46  Marine x2  
  50  4:47  Siege Tank  
  50  4:50  SCV x2  
  50  4:51  SCV  
  58  4:56  Refinery  
  58  4:58  Supply Depot  
  58  5:00  Supply Depot  
  58  5:02  SCV x2  
  58  5:04  SCV  
  61  5:07  Missile Turret  
  61  5:21  SCV x3  
  61  5:22  Marine x2  
  61  5:25  Siege Tank  
  69  5:36  Barracks  
  69  5:44  Supply Depot  
  69  5:45  Barracks  
  69  5:51  Barracks  
  69  6:02  Starport Reactor  
  69  6:05  Siege Tank, SCV x3  
  69  6:07  Barracks  
  69  6:08  Supply Depot  
  75  6:12  Stimpack  
  75  6:17  SCV x2  
  77  6:23  Supply Depot  
  77  6:24  Supply Depot  
  77  6:30  SCV x3  
  80  6:34  Missile Turret  
  80  6:35  Barracks Reactor  
  80  6:38  Barracks Reactor  
  80  6:40  Barracks Tech Lab  
  80  6:42  Medivac, SCV x2  
  80  6:43  Orbital Command  
  80  6:45  Medivac, Siege Tank  
  90  6:47  Barracks Tech Lab  
  90  6:54  Supply Depot, SCV  
  90  6:58  SCV  
  91  7:06  Combat Shields, SCV  
  92  7:08  SCV  
  92  7:10  SCV  
  92  7:12  Concussive Shells  
  94  7:16  Marine x3  
  94  7:18  SCV  
  94  7:21  SCV  
  94  7:22  Barracks  
  99  7:23  SCV  
  99  7:25  Barracks  
  99  7:26  Marine x2, Factory Reactor  
  99  7:28  Medivac x2  
  106  7:30  SCV  
  106  7:33  SCV  
  106  7:34  Marine, Missile Turret  
  109  7:37  Terran Infantry Armor Level 1  
  109  7:38  Supply Depot, Missile Turret  
  109  7:46  Engineering Bay, Armory  
  109  7:54  Refinery  
  109  7:58  Refinery  
  109  7:59  Starport  
  109  8:00  Marauder x3, SCV  
  109  8:03  Fusion Core  
  109  8:04  Supply Depot  
  109  8:05  Supply Depot  
  116  8:08  SCV  
  117  8:14  Barracks Tech Lab  
  117  8:23  Liberator x2  
  117  8:26  Marine x3, Marauder, SCV x3  
  117  8:27  Marauder x2  
  132  8:29  Marine, Marauder  
  132  8:35  Supply Depot  
  132  8:36  Terran Ship Weapons Level 1, Terran Infantry Weapons Level 1  
  132  8:37  Supply Depot  
  132  8:40  Widow Mine x2  
  142  8:44  Starport Tech Lab  
  142  8:45  Supply Depot  
  142  8:47  Marine x2, Marauder  
  142  8:48  Marauder  
  148  8:49  Liberator  
  148  8:50  Supply Depot  
  148  8:54  Marine  
  149  8:57  Marine, Marauder x3  
  149  8:58  Supply Depot x2  
  149  9:01  Supply Depot  
  156  9:04  Marine  
  156  9:06  Advanced Ballistics  
  160  9:10  Command Center  
  160  9:12  Widow Mine x2  
  160  9:14  Supply Depot  
  170  9:24  Marine x3, Marauder x4  
  170  9:25  Marauder  
  170  9:27  Liberator x2  
  177  9:32  Liberator  
  177  9:40  Marine  
  177  9:42  Marine  
  177  9:45  Marauder  
  187  9:46  Command Center  
  190  10:00  Marine x2, Marauder x2  
  190  10:01  Marauder  
  190  10:05  Marauder  
  190  10:06  Ghost Academy  
  196  10:26  Marauder  
  196  10:27  Marauder  
  156  10:50  Medivac x2  
  156  10:52  Planetary Fortress  
  160  11:02  Marine x2, Marauder x2  
  166  11:09  Missile Turret  
  166  11:14  Refinery  
  166  11:15  Medivac  
  166  11:16  Refinery  
  168  11:20  Medivac  
  168  11:24  Medivac  
  172  11:37  Marine x4  
  172  11:38  Marauder  
  175  11:47  Liberator x3  
  138  12:03  Marine x6, Widow Mine x2, Marauder  
  138  12:04  Marauder x2  
  136  12:13  SCV  
  136  12:14  SCV x2  
  117  12:21  Marine x4, Marauder  
  123  12:25  SCV  
  123  12:28  Marine x2, Marauder x2  
  130  12:30  Liberator  
  130  12:38  Marine x3, SCV x3  
  130  12:39  Marine  
  130  12:40  Command Center, SCV  
  130  12:43  Marauder  
  140  12:46  Marauder  
  140  12:47  Medivac x2, Marauder  
  140  12:49  Marine  
  140  12:50  Marauder, SCV x2  
  140  12:51  SCV  
  154  12:52  SCV  
  154  12:56  Marine x3  
  146  13:01  Marine, Widow Mine x2  
  146  13:03  SCV  
  146  13:04  Marauder  
  146  13:07  Marauder  
  130  13:15  Marine x3  
  130  13:17  Marine x2, Medivac  
  130  13:18  Marauder  
  130  13:19  Marine  
  126  13:27  SCV  
Tags
 
Add a new tag
Caveats
  • Supply blocks, unpowered buildings, or Contaminate may cause inaccurate times.
  • Supply counts are checked every 10 seconds.